Map: [ESL] Goldenaura

Players

trigger

  • Race: Protoss Protoss
  • League: Grandmaster
  • Spawn Location: 5:00

Bunny - Winner!

  • Race: Terran Terran
  • Spawn Location: 12:00

Event: IEM Katowice 2024

VOD

Have the link to the VOD?

Description

Time

  • Played on: Dec. 10, 2023, 8:06 p.m.
  • Length: 40:54

All games in this series

Show
View Real Time Build Order
Export as new Build Order

trigger Protoss 

Build Orders: 1 Gate Expand, Phoenix Opening, Blink Stalkers, Chargelot Immortal, Colossus Rush 

Get SALT Encoding   

  12  0:00  Probe  
  13  0:12  Probe  
  14  0:17  Pylon  
  14  0:24  Probe (Chrono Boost)  
  16  0:37  Gateway, Probe (Chrono Boost)  
  16  0:43  Probe (Chrono Boost)  
  16  0:46  Assimilator  
  17  0:51  Probe  
  18  1:03  Probe  
  19  1:15  Probe  
  20  1:25  Cybernetics Core  
  20  1:32  Nexus  
  20  1:36  Probe  
  21  1:42  Pylon  
  21  1:47  Assimilator  
  21  1:50  Probe  
  22  1:58  Adept (Chrono Boost)  
  22  2:02  Probe  
  22  2:04  Warp Gate  
  25  2:14  Probe (Chrono Boost)  
  26  2:21  Stalker  
  28  2:26  Probe (Chrono Boost)  
  29  2:31  Probe (Chrono Boost)  
  29  2:36  Twilight Council  
  30  2:43  Probe (Chrono Boost)  
  31  2:46  Probe (Chrono Boost)  
  32  2:53  Sentry  
  32  2:56  Probe (Chrono Boost)  
  32  2:57  Probe (Chrono Boost)  
  36  3:01  Probe (Chrono Boost)  
  38  3:06  Probe (Chrono Boost)  
  38  3:07  Gateway  
  38  3:13  Probe (Chrono Boost)  
  38  3:19  Blink  
  40  3:22  Probe (Chrono Boost)  
  40  3:23  Probe (Chrono Boost)  
  40  3:24  Pylon  
  41  3:27  Phoenix  
  41  3:28  Probe (Chrono Boost)  
  41  3:29  Probe  
  43  3:40  Nexus  
  43  3:42  Probe  
  43  3:45  Probe  
  45  3:52  Robotics Facility  
  45  3:55  Probe  
  46  3:57  Probe  
  46  4:00  Assimilator  
  47  4:04  Assimilator  
  47  4:07  Probe  
  47  4:08  Stalker  
  47  4:09  Pylon  
  50  4:13  Stalker  
  50  4:14  Probe  
  53  4:19  Probe  
  54  4:25  Pylon  
  54  4:27  Probe  
  56  4:31  Probe  
  56  4:32  Stalker  
  58  4:39  Probe  
  58  4:43  Probe (Chrono Boost)  
  55  4:51  Probe (Chrono Boost)  
  56  4:55  Probe (Chrono Boost)  
  56  4:56  Probe (Chrono Boost)  
  56  4:57  Robotics Bay  
  56  4:58  Observer  
  59  5:01  Probe (Chrono Boost)  
  59  5:04  Probe (Chrono Boost)  
  59  5:05  Probe (Chrono Boost)  
  61  5:09  Probe (Chrono Boost)  
  61  5:11  Probe x2 (Chrono Boost)  
  64  5:17  Gateway  
  64  5:19  Gateway  
  66  5:21  Shield Battery  
  66  5:24  Probe (Chrono Boost)  
  66  5:26  Probe x2 (Chrono Boost)  
  66  5:27  Stalker  
  69  5:31  Stalker  
  69  5:32  Probe (Chrono Boost)  
  69  5:34  Probe (Chrono Boost)  
  74  5:36  Probe (Chrono Boost)  
  74  5:40  Pylon  
  76  5:42  Observer  
  76  5:43  Probe (Chrono Boost), Colossus (Chrono Boost)  
  76  5:46  Probe (Chrono Boost)  
  82  5:51  Extended Thermal Lance  
  82  5:52  Charge  
  82  5:53  Probe  
  82  5:56  Probe  
  84  6:02  Observer  
  84  6:04  Forge  
  84  6:06  Stalker  
  86  6:13  Gateway  
  86  6:15  Pylon  
  86  6:17  Gateway  
  86  6:19  Pylon  
  85  6:26  Colossus (Chrono Boost)  
  85  6:27  Zealot  
  85  6:30  Pylon  
  85  6:32  Pylon  
  93  6:34  Shield Battery  
  93  6:35  Pylon  
  93  6:39  Assimilator  
  93  6:41  Stalker x3  
  99  6:47  Protoss Ground Weapons Level 1 (Chrono Boost)  
  99  6:48  Zealot  
  101  6:57  Probe  
  101  6:58  Probe  
  101  7:03  Probe  
  101  7:04  Photon Cannon  
  101  7:06  Zealot x3  
  108  7:09  Observer (Chrono Boost)  
  108  7:10  Probe  
  108  7:15  Pylon  
  110  7:17  Gateway  
  110  7:18  Stalker, Pylon  
  110  7:19  Zealot  
  110  7:20  Zealot  
  116  7:28  Probe x2  
  116  7:31  Probe  
  116  7:32  Zealot  
  116  7:33  Zealot x2  
  123  7:40  Zealot x2  
  123  7:42  Zealot, Colossus (Chrono Boost)  
  133  7:48  Probe x2  
  121  8:01  Forge  
  121  8:05  Nexus  
  117  8:07  Photon Cannon  
  113  8:15  Robotics Facility  
  113  8:16  Probe, Pylon  
  113  8:19  Pylon  
  114  8:22  Probe x2  
  120  8:27  Observer  
  120  8:28  Probe  
  120  8:31  Robotics Facility  
  120  8:33  Pylon  
  119  8:34  Probe  
  119  8:37  Protoss Ground Weapons Level 2 (Chrono Boost), Zealot x5  
  129  8:41  Shield Battery  
  129  8:44  Photon Cannon, Protoss Ground Armor Level 1 (Chrono Boost)  
  129  8:48  Stalker x2  
  129  8:52  Observer  
  130  8:57  Zealot x5  
  139  9:09  Nexus  
  133  9:22  Probe  
  133  9:25  Immortal (Chrono Boost), Shield Battery  
  133  9:26  Photon Cannon  
  133  9:29  Immortal (Chrono Boost)  
  133  9:31  Pylon, Probe  
  130  9:33  Probe  
  139  9:39  Templar Archives, Immortal (Chrono Boost)  
  139  9:44  Probe x2  
  141  9:48  Probe  
  142  9:57  Immortal  
  146  10:01  Observer, Pylon  
  145  10:11  Immortal (Chrono Boost)  
  149  10:19  Gateway  
  149  10:21  Gateway  
  147  10:22  Gateway  
  147  10:24  Gateway  
  147  10:26  Observer, High Templar x4  
  147  10:28  High Templar x2, Pylon  
  157  10:30  Archon x2, Immortal (Chrono Boost), Pylon  
  157  10:33  Assimilator, Archon  
  157  10:34  Immortal (Chrono Boost)  
  163  10:46  Assimilator  
  163  10:47  Pylon, Immortal (Chrono Boost), Protoss Ground Weapons Level 3 (Chrono Boost)  
  167  11:00  Zealot x5  
  167  11:04  Observer  
  169  11:11  Stalker x2  
  169  11:18  Immortal (Chrono Boost)  
  170  11:26  Observer (Chrono Boost)  
  170  11:27  Observer (Chrono Boost), Zealot x2  
  170  11:28  Zealot x5  
  182  11:40  Warp Prism  
  182  11:41  Immortal, Stalker x4  
  188  12:08  Protoss Ground Armor Level 2 (Chrono Boost), Stalker x4  
  182  12:09  Warp Prism, Stalker x4  
  193  12:26  Nexus  
  144  12:41  Immortal (Chrono Boost)  
  144  12:43  Colossus (Chrono Boost)  
  146  12:44  Pylon  
  146  12:49  Sentry x2  
  150  12:56  Assimilator  
  156  13:06  Shield Battery, Colossus (Chrono Boost)  
  156  13:08  Photon Cannon  
  156  13:10  Psionic Storm  
  156  13:12  Dark Shrine, High Templar  
  158  13:13  Observer  
  158  13:15  Immortal (Chrono Boost)  
  158  13:19  High Templar  
  164  13:22  Photon Cannon  
  164  13:24  Pylon  
  164  13:29  Nexus, Zealot x4, Pylon  
  172  13:38  Protoss Shields Level 1 (Chrono Boost)  
  166  13:49  Warp Prism  
  166  13:50  Stalker x5  
  166  13:52  Observer  
  178  14:01  High Templar  
  178  14:02  High Templar  
  182  14:07  Assimilator  
  182  14:10  Assimilator  
  182  14:14  Zealot x8  
  198  14:26  Observer  
  198  14:27  Protoss Ground Armor Level 3 (Chrono Boost)  
  197  14:32  Probe  
  196  14:48  Pylon  
  196  14:49  Stalker x3  
  200  14:57  Zealot  
  200  14:58  Zealot x4  
  200  14:59  Probe x2  
  188  15:08  Archon  
  188  15:12  Colossus  
  172  15:17  Zealot x6  
  178  15:23  Nexus, Zealot x2  
  179  15:29  Protoss Shields Level 2 (Chrono Boost)  
  179  15:30  Observer  
  176  15:37  Probe x2  
  178  15:44  Dark Shrine  
  178  15:46  High Templar x2  
  178  15:47  High Templar  
  178  15:48  Colossus  
  190  15:52  High Templar  
  190  15:53  Nexus  
  190  15:54  Probe  
  190  15:55  Probe x3  
  196  15:57  Gravitic Boosters (Chrono Boost), Pylon  
  196  15:59  Observer  
  196  16:10  Stalker x2  
  200  16:13  Stargate  
  188  16:26  Photon Cannon  
  188  16:28  Shield Battery  
  188  16:30  Shield Battery  
  188  16:32  Shield Battery  
  167  16:33  Observer  
  167  16:34  Photon Cannon  
  167  16:36  Pylon  
  167  16:37  High Templar  
  170  16:43  Assimilator  
  170  16:46  Assimilator, Pylon  
  170  16:48  Pylon  
  170  16:50  Stargate, Pylon  
  170  16:51  Stargate  
  170  16:54  Protoss Air Weapons Level 1  
  170  17:06  Disruptor, Fleet Beacon  
  170  17:07  Disruptor  
  178  17:09  High Templar  
  176  17:21  Zealot x8  
  176  17:22  Zealot  
  189  17:35  Photon Cannon  
  189  17:36  Probe (Chrono Boost)  
  187  17:38  Observer  
  187  17:41  Probe (Chrono Boost)  
  187  17:42  Photon Cannon  
  192  17:45  Probe x2 (Chrono Boost)  
  192  17:48  Probe x3 (Chrono Boost)  
  192  17:50  Probe (Chrono Boost)  
  194  17:55  Observer  
  194  17:56  Probe x2 (Chrono Boost)  
  197  18:04  Protoss Shields Level 3 (Chrono Boost), Photon Cannon  
  197  18:06  High Templar, Photon Cannon  
  197  18:08  Shield Battery  
  193  18:21  Tempest  
  193  18:23  Observer  
  185  18:48  Nexus  
  185  18:51  Disruptor, Pylon  
  185  18:54  Tempest  
  192  19:05  Tempest  
  197  19:11  High Templar  
  199  19:18  Shield Battery  
  199  19:20  Photon Cannon  
  199  19:21  Photon Cannon  
  199  19:23  Photon Cannon  
  197  19:24  Photon Cannon  
  197  19:26  Pylon  
  197  19:27  Shield Battery  
  197  19:29  Photon Cannon  
  195  19:32  Photon Cannon  
  193  19:41  High Templar x5  
  193  19:44  Stalker x2  
  193  19:45  Stalker x4  
  176  20:04  Disruptor  
  162  20:08  Observer, Zealot x3  
  162  20:09  Zealot x3  
  151  20:15  Stalker x3  
  151  20:16  Stalker  
  151  20:17  Stalker  
  151  20:18  Probe (Chrono Boost)  
  161  20:22  Probe x5 (Chrono Boost)  
  161  20:25  Disruptor  
  161  20:27  Tempest, Probe (Chrono Boost)  
  173  20:28  Observer  
  173  20:29  Probe (Chrono Boost)  
  173  20:33  Observer  
  180  20:36  Probe x5 (Chrono Boost)  
  180  20:37  Probe (Chrono Boost)  
  180  20:39  Zealot, Probe (Chrono Boost)  
  180  20:42  Tempest  
  188  20:44  Probe (Chrono Boost)  
  188  20:55  Stalker x4  
  195  21:15  Protoss Air Weapons Level 2 (Chrono Boost), Assimilator  
  195  21:16  Observer  
  195  21:17  Assimilator  
  195  21:24  Observer  
  195  21:25  Observer  
  196  21:28  Nexus  
  193  21:36  Tempest  
  196  21:44  Assimilator  
  196  21:45  High Templar  
  196  21:46  High Templar  
  200  21:48  Assimilator, Pylon  
  184  22:05  High Templar  
  184  22:06  Archon  
  186  22:14  Shield Battery  
  180  22:24  Tempest x3  
  180  22:26  Photon Cannon  
  180  22:27  Observer  
  195  22:34  Observer  
  196  22:42  Pylon  
  188  22:47  Observer  
  188  22:50  High Templar  
  172  22:54  Disruptor  
  172  22:58  High Templar  
  170  22:59  High Templar  
  170  23:01  Probe x3  
  170  23:02  Probe x2  
  177  23:07  Probe  
  177  23:11  Probe  
  179  23:15  Tempest  
  184  23:21  Assimilator  
  184  23:25  Probe  
  184  23:26  Probe x2  
  187  23:27  Probe  
  187  23:36  Disruptor x2  
  187  23:40  Probe  
  187  23:41  Probe  
  197  23:48  Probe  
  195  24:04  Dark Templar  
  195  24:05  Dark Templar  
  192  24:19  Observer  
  192  24:20  Zealot x6  
  195  24:28  Dark Templar x2  
  197  24:35  Zealot  
  190  24:45  Zealot x8  
  189  24:48  Tempest x2  
  158  25:06  High Templar x3, Zealot  
  158  25:07  Zealot x5  
  150  25:14  Stalker x2  
  112  25:29  Stalker x2  
  112  25:30  Stalker x4  
  112  25:31  Tempest x2  
  134  25:37  Dark Templar x2  
  130  25:51  Zealot x3  
  130  25:52  Zealot x2  
  130  25:53  Zealot x4  
  130  25:54  Archon, Immortal x2  
  150  25:59  Disruptor  
  150  26:02  Observer  
  150  26:14  High Templar x3  
  150  26:16  High Templar  
  154  26:33  Observer, Disruptor  
  154  26:35  Immortal  
  163  26:40  Zealot x7  
  175  26:48  Zealot x4  
  176  27:02  Disruptor  
  178  27:09  Disruptor  
  178  27:12  Nexus  
  180  27:17  Observer  
  180  27:21  Disruptor  
  184  27:25  Stalker x6  
  184  27:28  Pylon  
  196  27:31  Pylon  
  187  27:45  High Templar x2  
  187  27:46  Disruptor  
  187  27:49  Zealot x2  
  187  27:50  Shield Battery  
  199  27:52  Photon Cannon  
  199  27:53  Observer  
  198  28:15  Shield Battery  
  198  28:17  Shield Battery  
  198  28:18  Shield Battery  
  198  28:20  Shield Battery  
  198  28:21  Observer  
  198  28:23  Shield Battery x2  
  198  28:26  Shield Battery x2  
  197  28:29  Pylon  
  197  28:30  Pylon, Stalker x2  
  197  28:44  Protoss Air Armor Level 1 (Chrono Boost)  
  197  28:47  Shield Battery  
  197  28:50  Shield Battery  
  197  28:51  Shield Battery  
  197  28:52  Shield Battery  
  193  29:00  Tempest x2  
  194  29:39  Dark Templar x3  
  191  29:58  Tempest  
  196  30:03  Nexus  
  186  30:19  Disruptor  
  153  30:26  Disruptor  
  152  30:34  Stalker x11  
  170  30:40  Probe (Chrono Boost)  
  171  30:49  Probe (Chrono Boost)  
  158  31:03  Zealot x11  
  161  31:07  Probe (Chrono Boost)  
  163  31:18  Probe (Chrono Boost)  
  163  31:21  Probe x2 (Chrono Boost)  
  156  31:25  High Templar  
  156  31:26  High Templar  
  155  31:40  High Templar x2  
  155  31:41  High Templar x2  
  162  31:50  Stalker x3  
  165  31:58  Nexus, Observer  
  165  32:00  Pylon  
  165  32:03  High Templar  
  165  32:10  Archon  
  165  32:14  Stalker x3  
  167  32:27  Shield Battery  
  167  32:29  Stalker  
  137  32:47  Stalker x3  
  141  32:52  High Templar x4  
  143  33:07  High Templar x3  
  143  33:08  High Templar  
  149  33:17  Observer  
  149  33:19  Archon x2  
  150  33:26  Tempest (Chrono Boost), Observer  
  166  33:34  Tempest x2 (Chrono Boost)  
  166  33:56  Tempest (Chrono Boost)  
  171  34:06  Stalker x3  
  166  34:34  Observer  
  154  34:57  Stalker x5  
  154  34:58  Stalker  
  166  35:06  Observer  
  156  35:15  Stalker x2  
  160  35:23  High Templar  
  160  35:24  High Templar x3  
  168  35:30  Archon x2  
  162  35:55  Observer  
  154  36:06  Stalker x5  
  164  36:32  Observer  
  164  36:38  Observer  
  164  36:49  Observer  
  164  36:53  Zealot  
  171  37:43  Mothership (Chrono Boost)  
  171  37:45  Assimilator  
  158  38:36  Stalker x4  
  166  38:43  Stalker  
  162  39:14  Stalker x4  
  125  40:19  Archon  
Show
View Real Time Build Order
Export as new Build Order

Bunny Terran - Winner!

Build Orders: Reaper Expand 

Get SALT Encoding   

  12  0:00  SCV  
  13  0:12  SCV  
  14  0:17  Supply Depot  
  14  0:24  SCV  
  15  0:38  SCV  
  15  0:39  Barracks  
  16  0:43  Refinery  
  16  0:50  SCV  
  17  1:03  SCV  
  18  1:15  SCV  
  19  1:26  Reaper  
  19  1:27  Orbital Command  
  20  1:43  Command Center  
  20  1:49  Supply Depot  
  20  1:53  SCV  
  21  1:58  Marine  
  22  2:05  SCV  
  23  2:09  Factory  
  23  2:14  Refinery  
  23  2:17  SCV  
  23  2:21  Barracks Reactor  
  24  2:26  Bunker  
  24  2:29  SCV  
  25  2:41  SCV  
  26  2:53  Hellion, SCV  
  26  2:54  Starport  
  26  2:57  Orbital Command  
  29  3:01  Marine  
  29  3:04  Marine  
  31  3:06  SCV  
  32  3:14  Widow Mine  
  32  3:18  SCV  
  35  3:20  Marine  
  35  3:21  Marine  
  35  3:22  SCV  
  38  3:28  Supply Depot  
  38  3:30  SCV  
  38  3:32  Medivac  
  41  3:36  Widow Mine  
  41  3:37  SCV  
  44  3:42  SCV  
  44  3:44  Barracks  
  44  3:46  Marine  
  46  3:49  Marine  
  46  3:50  SCV  
  46  3:54  SCV  
  49  3:56  Supply Depot  
  49  3:58  Factory Tech Lab  
  50  4:02  SCV  
  50  4:03  Starport Tech Lab  
  50  4:06  SCV, Marine  
  50  4:07  Marine  
  53  4:11  Engineering Bay  
  53  4:13  Refinery  
  53  4:15  SCV  
  54  4:19  SCV  
  54  4:21  Barracks  
  55  4:24  Raven  
  55  4:26  Interference Matrix  
  55  4:28  SCV  
  58  4:31  SCV  
  55  4:48  SCV x2  
  55  4:50  Marine x2  
  56  4:54  Factory Reactor  
  56  4:55  Terran Infantry Weapons Level 1  
  56  4:57  Supply Depot, Refinery  
  56  5:00  Marine, SCV x2  
  56  5:01  Stimpack  
  59  5:08  Marine x2  
  59  5:12  SCV  
  59  5:13  Supply Depot x2  
  62  5:18  SCV  
  62  5:19  Marauder  
  65  5:21  Supply Depot  
  65  5:27  Marine x2  
  67  5:28  SCV  
  67  5:30  SCV  
  67  5:32  Combat Shield  
  67  5:35  Marauder  
  71  5:36  Supply Depot  
  71  5:40  Medivac x2  
  71  5:42  Factory Reactor, Marauder  
  77  5:44  Marine  
  77  5:45  Marine  
  79  5:51  Command Center  
  79  5:56  Marauder  
  81  5:57  SCV x2  
  81  6:00  Supply Depot  
  81  6:02  Marine x2  
  85  6:04  Supply Depot  
  85  6:07  Marauder  
  85  6:10  Medivac  
  89  6:17  Marauder, SCV x2  
  92  6:19  Widow Mine x2  
  92  6:20  Marine x2  
  98  6:28  Medivac  
  98  6:29  SCV x2  
  102  6:36  Marauder  
  102  6:38  Barracks x2  
  102  6:39  Marine x2  
  105  6:43  Concussive Shells, Widow Mine x2  
  109  6:49  SCV x2  
  109  6:52  Terran Infantry Armor Level 1  
  115  7:01  Marauder x2  
  115  7:07  Viking x2  
  119  7:09  Marine x2  
  119  7:10  Widow Mine  
  119  7:11  Widow Mine  
  119  7:13  SCV  
  119  7:14  SCV  
  127  7:19  Supply Depot, Ghost Academy  
  127  7:24  Marauder x2  
  127  7:28  Barracks Tech Lab  
  127  7:29  Barracks Reactor  
  129  7:30  SCV x2  
  129  7:31  Orbital Command  
  129  7:33  Marine x2  
  126  7:46  Marauder x2  
  126  7:47  Marine  
  126  7:48  Viking x2  
  126  7:50  Marine  
  128  7:54  Widow Mine x2  
  128  7:55  Marine  
  128  7:56  SCV x2  
  131  7:59  SCV  
  130  8:06  Marauder  
  130  8:07  Marine  
  130  8:09  SCV x2  
  130  8:11  Marine x2, SCV  
  130  8:12  Marine  
  135  8:14  Refinery  
  135  8:15  Refinery  
  135  8:16  Armory  
  135  8:18  Medivac, Supply Depot x2  
  135  8:19  Medivac  
  139  8:24  SCV x2  
  141  8:28  Supply Depot  
  141  8:29  Supply Depot  
  141  8:31  Supply Depot  
  141  8:39  Ghost  
  141  8:40  Ghost, Supply Depot, SCV  
  146  8:42  Ghost  
  148  8:48  Viking x2  
  150  9:01  Marine  
  150  9:02  Marine x3  
  145  9:05  SCV x3  
  144  9:10  Ghost x2  
  140  9:18  Viking x2, SCV x3  
  140  9:20  Ghost  
  147  9:29  Marine x4  
  142  9:37  Command Center  
  142  9:43  Sensor Tower  
  142  9:48  Medivac  
  142  9:51  Medivac  
  146  9:54  Widow Mine x2  
  146  9:57  Marauder x3  
  156  10:02  Marine x2  
  156  10:03  Marine x2  
  156  10:04  Terran Infantry Weapons Level 2  
  158  10:10  Missile Turret  
  158  10:12  Missile Turret  
  158  10:16  Widow Mine x2  
  158  10:18  Marauder x2  
  158  10:19  Marauder  
  168  10:24  Terran Ship Weapons Level 1  
  168  10:29  Barracks  
  168  10:30  Barracks  
  168  10:32  Barracks  
  168  10:35  Medivac x2  
  172  10:41  Widow Mine x2  
  172  10:42  Marauder  
  178  10:44  Marauder x2  
  178  10:46  Marine x4  
  186  10:55  SCV  
  186  10:56  SCV x2  
  189  10:58  Missile Turret  
  189  11:05  Liberator x2  
  189  11:19  Ghost x3  
  189  11:20  Barracks Tech Lab  
  189  11:21  Barracks Tech Lab  
  189  11:24  Marine x3  
  198  11:43  Fusion Core, Starport  
  198  11:45  Planetary Fortress  
  198  11:46  Command Center  
  195  11:47  Refinery  
  195  11:49  Refinery  
  195  11:50  SCV  
  195  11:51  SCV x2  
  184  12:03  SCV  
  184  12:05  Ghost  
  184  12:06  Ghost  
  184  12:07  Marauder x3  
  184  12:08  Marine x4  
  190  12:10  Barracks Reactor  
  190  12:20  Viking x2  
  185  12:25  Marine  
  167  12:33  Marine, Marauder x3  
  167  12:34  Marine x3  
  167  12:37  Marauder  
  146  12:39  Widow Mine  
  146  12:40  Widow Mine  
  146  12:43  Marine  
  146  12:48  Marine x2  
  146  12:50  Starport Reactor  
  148  12:51  Advanced Ballistics, Marine x3  
  148  12:52  Marine  
  148  12:54  Marauder x2, Marine  
  148  12:57  SCV  
  161  13:02  Orbital Command  
  161  13:03  Missile Turret  
  161  13:09  Liberator x2  
  164  13:13  Ghost  
  164  13:17  Ghost  
  172  13:20  Marauder x2  
  172  13:23  Terran Infantry Armor Level 2  
  172  13:34  Liberator x2  
  178  13:41  Terran Ship Weapons Level 2  
  178  13:51  Marauder x3  
  184  13:57  Medivac x2  
  184  14:00  Marauder  
  184  14:01  Marauder  
  192  14:04  Command Center  
  192  14:09  Engineering Bay  
  191  14:11  Caduceus Reactor, Widow Mine x2  
  191  14:12  Marauder  
  191  14:16  Liberator  
  200  14:22  Missile Turret  
  200  14:34  Sensor Tower  
  200  14:51  Command Center, Missile Turret  
  170  15:09  Marauder  
  170  15:10  Marine, Marauder  
  170  15:11  Liberator, Marine x6  
  170  15:12  Liberator x2  
  150  15:15  Widow Mine  
  150  15:16  Widow Mine  
  150  15:17  Ghost  
  150  15:18  Ghost  
  150  15:20  SCV x3  
  150  15:21  SCV  
  152  15:28  Ghost, Marine x2  
  148  15:29  Marine  
  148  15:31  Marauder, Marine x3  
  148  15:35  Liberator  
  152  15:37  Ghost  
  152  15:39  Terran Infantry Weapons Level 3  
  154  15:46  Marine  
  154  15:49  Widow Mine x2  
  159  15:58  Liberator x2  
  159  15:59  Liberator  
  159  16:02  Terran Ship Weapons Level 3  
  168  16:18  Liberator  
  171  16:19  Sensor Tower  
  171  16:21  Missile Turret  
  163  16:34  Planetary Fortress  
  163  16:35  Refinery  
  163  16:37  Refinery  
  163  16:41  Liberator x3  
  163  16:46  Missile Turret  
  172  16:50  SCV x5  
  172  16:51  Sensor Tower  
  177  17:02  SCV  
  178  17:13  Command Center  
  175  17:24  Liberator  
  175  17:25  Liberator x2  
  184  17:33  Liberator  
  187  17:41  Marauder x3  
  183  17:46  Marine  
  183  17:47  Marine x4  
  188  17:53  Missile Turret  
  188  18:02  Ghost x2, Refinery  
  188  18:03  Missile Turret  
  188  18:05  Marine x4  
  195  18:07  Medivac  
  195  18:08  Medivac  
  198  18:16  Viking  
  200  18:29  Terran Infantry Armor Level 3  
  189  19:02  Widow Mine x2  
  189  19:08  Medivac  
  189  19:09  Marauder  
  197  19:10  Marauder x3  
  197  19:11  Missile Turret, Marine x3  
  200  19:18  Planetary Fortress  
  200  19:21  Personal Cloaking, Starport  
  170  20:12  Marauder x3  
  164  20:16  Medivac  
  164  20:19  Ghost x2  
  164  20:20  Marine x6  
  160  20:22  Widow Mine x2  
  164  20:29  Missile Turret  
  164  20:32  Missile Turret, Medivac  
  164  20:33  Viking, Marine, Ghost, Missile Turret, Medivac  
  165  20:36  Ghost  
  165  20:38  Marine x3  
  165  20:40  Neosteel Armor, Refinery  
  165  20:41  Missile Turret, Refinery  
  168  20:46  Viking  
  168  20:47  Ghost x2  
  174  20:57  SCV  
  175  21:05  Viking  
  175  21:06  Viking x2, Hi-Sec Auto Tracking  
  175  21:09  Nuke  
  175  21:10  SCV  
  180  21:13  SCV  
  180  21:14  Ghost x2  
  180  21:16  Ghost  
  187  21:22  SCV  
  189  21:25  SCV  
  189  21:26  Viking  
  189  21:28  Missile Turret  
  190  21:45  Sensor Tower  
  190  21:48  Viking x2  
  190  21:51  Missile Turret  
  193  21:59  Viking x2  
  194  22:03  Ghost x3  
  200  22:19  Viking  
  200  22:32  Terran Vehicle And Ship Armor Level 1  
  200  22:37  Command Center  
  196  22:53  Marauder x3  
  197  22:59  Ghost  
  199  23:34  Marauder x3  
  199  23:38  Marine  
  193  24:23  Liberator x3  
  199  24:31  Liberator  
  186  24:34  Marauder  
  185  24:39  Marine x2  
  185  24:40  Marine x4  
  181  24:48  Marauder x3  
  181  24:49  Marine  
  186  24:55  Marine  
  186  24:57  Marine  
  167  25:06  Liberator x2  
  167  25:07  Ghost  
  167  25:08  Ghost x3  
  167  25:13  Ghost, Marine x5  
  173  25:15  Marine, Widow Mine x2  
  173  25:18  Liberator  
  173  25:19  Liberator  
  175  25:31  Marine x3  
  175  25:33  Command Center  
  175  25:36  Marauder  
  175  25:37  Ghost, Marauder  
  175  25:38  Marauder  
  175  25:41  Ghost  
  175  25:58  Marauder  
  175  25:59  Marauder x2  
  175  26:01  Planetary Fortress  
  175  26:04  Command Center  
  181  26:05  Medivac  
  181  26:06  Medivac  
  185  26:35  Ghost x3  
  191  26:41  Marine x3  
  191  26:42  Marine  
  195  26:50  Terran Vehicle And Ship Armor Level 2  
  193  26:58  Marauder  
  187  27:19  Marauder  
  187  27:20  Marauder x4  
  187  27:22  Marine x3  
  200  27:41  Marauder x2  
  198  27:45  Marauder  
  192  28:16  Viking x2  
  192  28:17  Viking  
  198  28:25  Widow Mine  
  200  28:36  Sensor Tower  
  200  28:37  Missile Turret  
  195  28:59  Nuke  
  187  29:11  Missile Turret  
  187  29:17  Liberator x2  
  187  29:18  Viking  
  192  29:38  Liberator  
  192  29:40  SCV  
  184  29:56  Liberator  
  187  30:02  Missile Turret  
  165  30:30  Liberator x3  
  165  30:33  Marine  
  165  30:34  Marine  
  176  30:39  Liberator  
  162  31:09  Marauder  
  162  31:10  Marauder x3  
  170  31:16  Marine  
  166  31:28  Marauder  
  156  32:01  Widow Mine x2  
  160  32:12  Missile Turret  
  160  32:21  Ghost  
  164  32:25  Planetary Fortress  
  156  32:42  SCV x2  
  156  32:43  Orbital Command  
  150  33:05  SCV  
  151  33:17  SCV  
  151  33:19  SCV  
  153  33:26  Ghost  
  153  33:27  Ghost  
  153  33:29  SCV  
  153  33:31  SCV  
  159  33:34  Marauder  
  161  33:41  SCV  
  161  33:43  SCV  
  161  33:45  Missile Turret  
  163  33:53  SCV  
  163  33:55  SCV  
  165  34:06  Viking x2  
  165  34:07  SCV  
  168  34:21  Viking x2  
  161  34:33  Ghost  
  158  34:49  Ghost  
  158  34:50  Ghost  
  158  34:56  Ghost  
  154  35:07  Ghost  
  154  35:08  Ghost  
  158  35:14  SCV  
  159  35:25  Widow Mine  
  159  35:26  SCV, Widow Mine  
  161  35:38  SCV  
  146  35:50  Marauder  
  146  35:51  Marauder  
  146  35:57  Liberator  
  153  36:04  Liberator x2, Refinery  
  153  36:05  Refinery  
  159  36:21  Sensor Tower  
  159  36:47  Ghost x2  
  159  36:49  Ghost  
  159  36:50  Ghost  
  167  37:00  Ghost  
  167  37:17  Marine  
  167  37:18  Marine x5  
  167  37:21  SCV  
  174  37:29  Missile Turret  
  174  37:33  SCV  
  174  37:34  Marauder  
  177  37:45  SCV  
  177  37:49  Widow Mine  
  180  37:57  SCV  
  180  38:10  SCV  
  180  38:12  Ghost  
  180  38:13  Ghost  
  180  38:19  Supply Depot  
  182  38:48  Ghost x2  
  166  39:09  Command Center  
  139  40:17  Marauder  
  118  40:23  Marauder  
  118  40:24  Marine  
  118  40:25  Marine  
  104  40:28  Marine  
  104  40:29  Orbital Command, Marine  
  104  40:32  Marauder  
  104  40:35  Marine x2  
  108  40:39  SCV  

Tags
 
Add a new tag
Caveats
  • Supply blocks, unpowered buildings, or Contaminate may cause inaccurate times.
  • Supply counts are checked every 10 seconds.